 Dungeon Crawl Stone Soup version 0.18.1-5-g4a78601 (webtiles) character file.

283 tyrsky the Digger (level 6, -10/32 HPs)
             Began as a Gargoyle Earth Elementalist on May 14, 2016.
             Killed by nerve-wracking pain
             ... invoked by an orc priest
              (14 damage)
             ... on level 5 of the Dungeon.
             The game lasted 00:12:58 (4001 turns).

tyrsky the Digger (Gargoyle Earth Elementalist)     Turns: 4001, Time: 00:12:59

Health: -10/32     AC:  7    Str: 12    XL:     6   Next: 28%
Magic:  7/12       EV: 11    Int: 17    God:
Gold:   171        SH:  4    Dex: 10    Spells: 2 memorised, 10 levels left

rFire  . . .     SeeInvis .     f - +1 club
rCold  . . .     Gourm    .     a - +0 robe
rNeg   + . .     Faith    .     i - +1 buckler
rPois  ∞         Spirit   .     t - +0 helmet
rElec  +         Dismiss  .     (no cloak)
rCorr  .         Reflect  .     (no gloves)
SustAt .         Harm     .     (no boots)
MR     .....                    (no amulet)
Stlth  ++........               (no ring)
                                (no ring)

@: not resistant to hostile enchantments, unstealthy
A: negative energy resistance 1, electricity resistance, unbreathing,
petrification resistance, rot immunity, AC +4
a: no special abilities


You were on level 5 of the Dungeon.
You were hungry.

You visited 1 branch of the dungeon, and saw 5 of its levels.

You collected 171 gold pieces.

Inventory:

Hand Weapons
 f - a +1 club (weapon)
Missiles
 b - 127 stones (quivered)
Armour
 a - a +0 robe (worn)
 i - a +1 buckler (worn)
 t - a +0 helmet (worn)
Jewellery
 g - an uncursed ring of wizardry {unknown}
 m - a +3 ring of protection {unknown}
Scrolls
 j - 2 scrolls of remove curse
 l - 2 scrolls of recharging
 n - a scroll of fog {unknown}
 r - a scroll of teleportation
Potions
 e - 3 potions of cure mutation
 h - a potion of berserk rage
 o - a potion of resistance
 p - a potion of curing {unknown}
Books
 c - a book of Geomancy

   Spells                             Type                      Level
   a - Sandblast                      Earth                        1
   b - Passwall                       Transmutation/Earth          2
   c - Stone Arrow                    Conjuration/Earth            3
   d - Petrify                        Transmutation/Earth          4
   e - Lee's Rapid Deconstruction     Earth                        5
Comestibles
 d - 5 bread rations
 k - 5 fruits
 q - a beef jerky


   Skills:
 - Level 1.5 Dodging
 - Level 2.1 Stealth
 * Level 4.6 Spellcasting
 + Level 2.4 Conjurations
   Level 0.7 Transmutations
 + Level 5.2 Earth Magic


You had 10 spell levels left.
You knew the following spells:

 Your Spells              Type           Power        Failure   Level  Hunger
a - Sandblast             Erth           ###...       3%          1    None
b - Stone Arrow           Conj/Erth      ###...       21%         3    ###....


Dungeon Overview and Level Annotations

Branches:
Dungeon (5/15)
 Temple: D:4-7

Altars:
Ashenzari
Kikubaaqudgha
Qazlal
The Shining One

Annotations:
D:3 Sigmund
D:5 Freeplumber's ghost, amateur TrWr; Pikel


Innate Abilities, Weirdness & Mutations

You are resistant to torment.
Your stone body is resilient (AC +4).
You are immune to poison.
You resist negative energy.
You are resistant to electric shocks.
You can survive without breathing.
You are immune to petrification.
You are immune to rotting.


Message History

The blast of sand hits the orc priest.
The orc priest is severely wounded.
The quokka bites you but does no damage.
You block the hound's attack.
The orc priest invokes the aid of Beogh against you.
Beogh smites you!
* * * LOW HITPOINT WARNING * * *
The slave barely misses you. The quokka barely misses you.
Casting: Sandblast
Confirm with . or Enter, or press ? or * to list all spells.
Aiming: Sandblast
Press: ? - help, Shift-Dir - straight line, f/p - orc priest
Aim: an orc priest, wielding a whip (heavily wounded)
The blast of sand hits the orc priest.
The orc priest is severely wounded.
The hound bites you.
* * * LOW HITPOINT WARNING * * *
The orc priest calls down the wrath of Beogh upon you.
Pain shoots through your body!
You die...

#.#............
......
#.#........### +###
#.#........# ...
#.#).......## ...
..#.........# ..
#####.......#.## .#
....).#######..##.#
####### ##.p..#
#..9o# #...hr......
#.....##....
#.....# ... #......
.. #.......
#.#...... #.#......


You could see a slave, a hound, an orc priest and a quokka.

Vanquished Creatures
  A phantom (D:4)
  A giant frog (D:4)
  An iguana (D:4)
  A worker ant (D:4)
  An adder skeleton (D:4)
  2 worms
  A dart slug (D:2)
  3 giant geckos
  9 orcs
  2 giant cockroaches
  5 goblins
  9 hobgoblins
  2 jackals (D:1)
  4 kobolds
  A quokka (D:2)
  3 ball pythons
  6 bats
  11 giant newts (D:1)
  5 rats
68 creatures vanquished.

Notes
Turn   | Place    | Note
--------------------------------------------------------------
     0 | D:1      | tyrsky the Gargoyle Earth Elementalist began the quest for the Orb.
     0 | D:1      | Reached XP level 1. HP: 10/10 MP: 3/3
   355 | D:1      | Reached XP level 2. HP: 8/15 MP: 0/5
   960 | D:1      | Reached XP level 3. HP: 19/19 MP: 1/7
   993 | D:1      | Reached skill level 4 in Earth Magic
  1208 | D:2      | Found a shattered altar of Ashenzari.
  1214 | D:2      | Found a glowing golden altar of the Shining One.
  1802 | D:2      | Learned a level 3 spell: Stone Arrow
  2083 | D:3      | Found a stormy altar of Qazlal.
  2364 | D:3      | Reached XP level 4. HP: 17/24 MP: 2/9
  2656 | D:3      | Noticed Sigmund
  2806 | D:4      | Noticed a phantom
  2918 | D:4      | Killed a phantom
  2918 | D:4      | Reached skill level 1 in Conjurations
  2918 | D:4      | Reached XP level 5. HP: 12/28 MP: 0/11
  3055 | D:4      | Reached skill level 5 in Earth Magic
  3055 | D:4      | Reached XP level 6. HP: 18/32 MP: 5/12
  3133 | D:4      | Found an ancient bone altar of Kikubaaqudgha.
  3291 | D:5      | Entered Level 5 of the Dungeon
  3383 | D:5      | Noticed Freeplumber's ghost (amateur TrWr)
  3628 | D:5      | Noticed a slave
  3629 | D:5      | Noticed Pikel
  3639 | D:5      | Noticed a slave
  3641 | D:5      | Noticed a slave
  3652 | D:5      | Noticed a slave
  4001 | D:5      | Killed from afar by an orc priest

Skill      XL: |  1  2  3  4  5 |
---------------+----------------+-----
Spellcasting   | 3 4 |  4.6
Earth Magic    | 4 5 |  5.2
Conjurations   | 1 2 |  2.4
Dodging        | |  1.5
Stealth        | |  2.1
Transmutations | |  0.7

Action                   |  1- 3 |  4- 6 || total
-------------------------+-------+-------++-------
Melee: Unarmed           |    14 |       ||    14
       Club              |    37 |     2 ||    39
 Cast: Sandblast         |    93 |   108 ||   201
  Use: Scroll            |       |     9 ||     9
  Eat: Chunk             |     3 |     6 ||     9
Armor: Robe              |    60 |    19 ||    79
Dodge: Dodged            |    82 |    38 ||   120
Block: Buckler           |    10 |     9 ||    19
